 Dungeon Sprint DCSS version 0.19.0-20-gbc5f0c6 (webtiles) character file.

6013 Groucho the Gouger (level 10, -2/49 HPs)
             Began as a Felid Transmuter on Nov 16, 2016.
             Was an Initiate of Uskayaw.
             Slain by a merfolk
             ... wielding a +0 trident
              (13 damage)
             ... in the Dungeon (Sprint IX: "|||||||||||||||||||||||||||||").
             The game lasted 00:08:58 (2364 turns).

Groucho the Gouger (Felid Transmuter)               Turns: 2364, Time: 00:08:59

Health: -2/49      AC:  2    Str:  9    XL:     10   Next: 56%
Magic:  18/24      EV: 31    Int: 15    God:    Uskayaw [......]
Gold:   0          SH:  0    Dex: 23    Spells: 5 memorised, 13 levels left
                                        Lives:  0   Deaths: 3

rFire  . . .     SeeInvis +       - Unarmed
rCold  . . .     Gourm    .     (armour unavailable)
rNeg   . . .     Faith    .     (shield unavailable)
rPois  .         Spirit   .     (helmet unavailable)
rElec  .         Reflect  .     (cloak unavailable)
rCorr  .         Harm     .     (gloves unavailable)
MR     +....     NoTele   +     (boots unavailable)
Stlth  ++++++....               (no amulet)
                                m - +3 ring of strength
                                l - +3 ring of dexterity

@: barbed spikes, hasted, very quick
A: no armour, no weapons or thrown items, stealth, claws 1, fangs 3, see
invisible, carnivore 3, speed 1, shaggy fur 2, slow metabolism 1, sharp paws
a: Renounce Religion


You were in the Dungeon.
You worshipped Uskayaw.
Uskayaw was pleased with you.
You were not hungry.

You visited 1 branch

Inventory:

Missiles
 a - 12 arrows
Jewellery
 l - a +3 ring of dexterity (left paw)
 m - a +3 ring of strength (right paw)
 t - an uncursed ring of poison resistance
 u - an uncursed ring of protection from fire
 v - an uncursed ring of protection from fire
 w - an uncursed ring of protection from magic
Wands
 k - a wand of iceblast (7/15)
Scrolls
 h - 3 scrolls of remove curse
 i - 3 scrolls of blinking
 j - 2 scrolls of amnesia
 r - 2 scrolls of fear
 s - 4 scrolls of fog
Potions
 d - 5 potions of curing
 f - 2 potions of might
 g - 3 potions of magic
 n - 2 potions of agility
 o - a potion of brilliance
Books
 b - a book of Changes

   Spells                             Type                      Level
   a - Beastly Appendage              Transmutation                1
   b - Sticks to Snakes               Transmutation                2
   c - Spider Form                    Transmutation/Poison         3
   d - Ice Form                       Ice/Transmutation            4
   e - Blade Hands                    Transmutation                5
 p - a book of Air

   Spells                             Type                      Level
   a - Shock                          Conjuration/Air              1
   b - Swiftness                      Charms/Air                   2
   c - Repel Missiles                 Charms/Air                   2
   d - Static Discharge               Conjuration/Air              3
   e - Lightning Bolt                 Conjuration/Air              5
Miscellaneous
 q - a phantom mirror
Comestibles
 c - a meat ration


   Skills:
 + Level 9.3 Fighting
 + Level 12.0 Dodging
 + Level 12.5 Stealth
 * Level 14.2 Unarmed Combat
 + Level 9.7 Spellcasting
 + Level 4.4 Charms
 + Level 14.0 Transmutations
 * Level 12.7 Invocations


You had 13 spell levels left.
You knew the following spells:

 Your Spells              Type           Power        Failure   Level  Hunger
a - Beastly Appendage     Tmut           #####.       1%          1    None
b - Spider Form           Tmut/Pois      ####......   1%          3    #......
c - Blade Hands           Tmut           #####.....   1%          5    #####..
d - Ice Form              Ice/Tmut       ####....     8%          4    ###....
e - Repel Missiles        Chrm/Air       ##....       8%          2    None


Dungeon Overview and Level Annotations

Branches:
Dungeon (1/1)

Altars:
Cheibriados
Dithmenos
Elyvilon
Fedhas
Gozag
Hepliaklqana
Kikubaaqudgha
Makhleb
Nemelex Xobeh
Okawaru
Qazlal
Ru
Sif Muna
Trog
Uskayaw
Vehumet
Xom
Yredelemnul
Zin
The Shining One
Beogh
Jiyva
Lugonu

Shops:
D *[(*


Innate Abilities, Weirdness & Mutations

You cannot wear armour.
You are incapable of wielding weapons or throwing items.
Your paws allow you to move quietly. (Stealth)
You have sharp claws.
You have razor-sharp teeth.
You have supernaturally acute eyesight. (SInv)
You are carnivorous and can eat meat at any time.
You cover ground quickly.
You are covered in thick fur. (AC +2)
You have a slow metabolism.
Your sharp claws are effective at attacking unaware monsters.


Message History

You can no longer stomp with the beat.
The merfolk hits you from afar with a trident.
* * * LOW HITPOINT WARNING * * *
The manticore misses you. The manticore completely misses you. x2
The sea snake closely misses you.
You can now stomp with the beat.
You stomp with the beat, sending a shockwave through the revelers around you!
The sea snake is severely wounded.
The manticore is severely wounded.
You feel somewhat more hungry.
You can no longer stomp with the beat.
The merfolk misses you. The manticore completely misses you.
The manticore closely misses you. The manticore misses you.
The sea snake bites you.
* * * LOW HITPOINT WARNING * * *
Okay, then.
You feel yourself speed up. The sea snake misses you.
The manticore bites you but does no damage.
The manticore closely misses you. The manticore completely misses you.
The merfolk hits you from afar with a trident!
You die...

)▓.▓.▓
▓.▓.▓.▓.▓
.▓.▓.▓
▓.▓.▓.▓.▓
.▓.▓.▓
▓.▓.▓.▓.▓
.▓.▓.▓
▓.▓.▓)▓.▓
.▓.▓(▓
▓.▓)▓.▓'▓
'▓.▓÷▓
▓.▓)▓.▓)▓
_▓.▓.▓
▓.▓)▓.▓H▓
_▓.▓.▓
▓.▓)▓.▓H▓
_▓.▓.▓
▓.▓)▓.▓@▓
_▓.▓?▓
▓.▓)▓.▓S▓
_▓.▓'▓
▓.▓)▓.▓m▓
_▓.▓.▓
▓.▓)▓.▓m▓
_▓.▓.▓
▓.▓.▓.▓E▓
_▓.▓.▓
▓[▓[▓.▓.▓
_▓.▓.▓
▓.▓[▓.▓+▓
_▓.▓.▓
▓.▓[▓.▓
_▓.▓.▓
▓.▓[▓.▓


You could see a sea snake, 2 merfolk, 2 manticores and a water elemental.

Vanquished Creatures
  Gastronok (D)
  Donald (D)
  A catoblepas (D)
  A hydra (D)
  A satyr (D)
  2 death yaks (D)
  A hill giant (D)
  A manticore (D)
  4 orc sorcerers (D)
  An ugly thing (D)
  A black mamba (D)
  A siren (D)
  2 spiny frogs (D)
  A komodo dragon (D)
  2 trolls (D)
  2 hippogriffs (D)
  4 yaks (D)
  2 wyverns (D)
  A basilisk (D)
  2 water moccasins (D)
  A porcupine (D)
  2 ogres (D)
  A wolf (D)
  A crocodile (D)
  2 bullfrogs (D)
  2 quasits (D)
  A jelly (D)
  4 orc wizards (D)
  A shadow imp (D)
  2 oozes (D)
  2 adder zombies (D)
  An orc (D)
  A quokka (D)
  2 frilled lizards (D)
  A kobold (D)
  A rat (D)
57 creatures vanquished.

Vanquished Creatures (others)
  An orc sorcerer (D)
1 creature vanquished.

Grand Total: 58 creatures vanquished

Notes
Turn   | Place    | Note
-------+----------+-------------------------------------------
     0 | D        | Groucho the Felid Transmuter began the quest for the Orb.
     0 | D        | Reached XP level 1. HP: 9/9 MP: 4/4
   473 | D        | Noticed an ogre
   480 | D        | Reached XP level 2. HP: 12/12 MP: 6/6
   490 | D        | Killed an ogre
   490 | D        | Reached skill level 5 in Transmutations
   490 | D        | Reached XP level 3. HP: 15/15 MP: 6/9
   490 | D        | Reached XP level 4. HP: 19/19 MP: 7/11
   547 | D        | Found a roughly hewn altar of Beogh.
   547 | D        | Found a snail-covered altar of Cheibriados.
   547 | D        | Found a shadowy altar of Dithmenos.
   547 | D        | Found a white marble altar of Elyvilon.
   547 | D        | Found a blossoming altar of Fedhas.
   547 | D        | Found an opulent altar of Gozag.
   548 | D        | Found a hazy altar of Hepliaklqana.
   549 | D        | Found a viscous altar of Jiyva.
   550 | D        | Found an ancient bone altar of Kikubaaqudgha.
   551 | D        | Found a corrupted altar of Lugonu.
   552 | D        | Found a burning altar of Makhleb.
   553 | D        | Found a sparkling altar of Nemelex Xobeh.
   554 | D        | Found an iron altar of Okawaru.
   555 | D        | Found a stormy altar of Qazlal.
   556 | D        | Found a sacrificial altar of Ru.
   557 | D        | Found a deep blue altar of Sif Muna.
   558 | D        | Found a bloodstained altar of Trog.
   559 | D        | Found a hide-covered altar of Uskayaw.
   560 | D        | Found a radiant altar of Vehumet.
   561 | D        | Found a shimmering altar of Xom.
   562 | D        | Found a basalt altar of Yredelemnul.
   563 | D        | Found a glowing silver altar of Zin.
   564 | D        | Found a glowing golden altar of the Shining One.
   567 | D        | Became a worshipper of Uskayaw the Reveler
   596 | D        | Learned a level 3 spell: Spider Form
   598 | D        | Noticed an ogre
   598 | D        | Noticed a bullfrog
   598 | D        | Noticed a yak
   600 | D        | Reached skill level 1 in Stealth
   600 | D        | Reached skill level 1 in Invocations
   600 | D        | Reached * piety under Uskayaw
   602 | D        | Reached ** piety under Uskayaw
   603 | D        | Killed an ogre
   603 | D        | Reached XP level 5. HP: 23/23 MP: 11/13
   604 | D        | Reached *** piety under Uskayaw
   605 | D        | Reached skill level 5 in Spellcasting
   605 | D        | Gained mutation: You are covered in thick fur. (AC +2) [Felid growth]
   605 | D        | Reached XP level 6. HP: 27/27 MP: 11/14
   610 | D        | Reached **** piety under Uskayaw
   613 | D        | Reached ***** piety under Uskayaw
   614 | D        | Killed a yak
   614 | D        | Reached skill level 5 in Dodging
   614 | D        | Reached skill level 5 in Invocations
   620 | D        | Noticed a troll
   620 | D        | Noticed a red ugly thing
   620 | D        | Noticed a troll
   620 | D        | Noticed a hill giant
   625 | D        | Killed a troll
   625 | D        | Reached skill level 5 in Stealth
   625 | D        | Reached XP level 7. HP: 20/32 MP: 13/16
   628 | D        | Reached ****** piety under Uskayaw
   631 | D        | Killed a red ugly thing
   631 | D        | Reached XP level 8. HP: 23/36 MP: 14/18
   633 | D        | Killed a troll
   633 | D        | Reached skill level 5 in Fighting
   633 | D        | Reached skill level 10 in Unarmed Combat
   636 | D        | Killed a hill giant
   636 | D        | Reached skill level 10 in Transmutations
   947 | D        | Learned a level 5 spell: Blade Hands
   952 | D        | Learned a level 4 spell: Ice Form
  1052 | D        | Learned a level 2 spell: Repel Missiles
  1236 | D        | Noticed a four-headed hydra
  1236 | D        | Noticed a spiny frog
  1241 | D        | Killed a five-headed hydra
  1241 | D        | Reached XP level 9. HP: 20/41 MP: 7/20
  1241 | D        | HP: 1/41 [spiny frog (19)]
  1244 | D        | Slain by a spiny frog
  1245 | D        | Reached XP level 8. HP: -3/38 MP: 4/19
  1282 | D        | Killed a spiny frog
  1307 | D        | Noticed a black mamba
  1321 | D        | Reached XP level 9. HP: 39/42 MP: 15/21
  1333 | D        | Killed a black mamba
  1734 | D        | Noticed a komodo dragon
  1734 | D        | Noticed a spiny frog
  1740 | D        | Killed a komodo dragon
  1742 | D        | Killed a spiny frog
  1742 | D        | Reached skill level 10 in Stealth
  1742 | D        | Reached skill level 10 in Invocations
  1767 | D        | Reached skill level 10 in Dodging
  1767 | D        | Reached XP level 10. HP: 33/47 MP: 17/23
  1971 | D        | Noticed a death yak
  1971 | D        | Noticed a catoblepas
  1971 | D        | Noticed a death yak
  1971 | D        | Noticed a death yak
  1978 | D        | Killed a death yak
  1982 | D        | Killed a catoblepas
  1983 | D        | Killed a death yak
  1989 | D        | Slain by a death yak
  1990 | D        | Reached XP level 9. HP: -1/52 MP: 22/22
  2003 | D        | Noticed Gastronok
  2022 | D        | Killed Gastronok
  2022 | D        | Reached XP level 10. HP: 40/49 MP: 18/24
  2227 | D        | Found Taezuq's Assorted Antiques.
  2227 | D        | Noticed an orc sorcerer
  2227 | D        | Noticed an orc sorcerer
  2229 | D        | Noticed an orc sorcerer
  2231 | D        | Noticed an orc sorcerer
  2239 | D        | Noticed a soul eater
  2239 | D        | Killed an orc sorcerer
  2239 | D        | Reached skill level 1 in Charms
  2241 | D        | Found Dothrol's Weapon Emporium.
  2246 | D        | Noticed an orange demon
  2247 | D        | Killed an orc sorcerer
  2255 | D        | Found Vukoupho's Antique Armour Shoppe.
  2255 | D        | Found Wimoih's Assorted Antiques.
  2255 | D        | Noticed an orc sorcerer
  2257 | D        | Noticed an orc sorcerer
  2259 | D        | Noticed a sixfirhy
  2260 | D        | Killed an orc sorcerer
  2265 | D        | Killed an orc sorcerer
  2271 | D        | Killed from afar by an orc sorcerer
  2272 | D        | Reached XP level 9. HP: -4/45 MP: 22/23
  2278 | D        | Killed an orc sorcerer
  2306 | D        | Noticed Donald
  2317 | D        | Killed Donald
  2317 | D        | Reached XP level 10. HP: 36/49 MP: 17/24
  2347 | D        | Noticed a satyr
  2347 | D        | Noticed a manticore
  2347 | D        | Noticed a manticore
  2347 | D        | Noticed a manticore
  2347 | D        | Noticed a siren
  2347 | D        | Noticed a sea snake
  2350 | D        | Killed a satyr
  2357 | D        | Killed a siren
  2357 | D        | Killed a manticore
  2364 | D        | Slain by a merfolk

Skill      XL: |  1  2  3  4  5  6  7  8  9 10 |
---------------+-------------------------------+-----
Unarmed Combat | 4 7 8 9 11 14 13 | 14.2
Transmutations | 3 5 6 8 9 11 12 14 | 14.0
Spellcasting   | 4 5 6 7 9 |  9.7
Dodging        | 4 6 9 11 12 | 12.0
Stealth        | 2 3 5 6 9 12 11 | 12.5
Invocations    | 3 5 6 9 10 12 | 12.7
Fighting       | 2 4 6 9 8 |  9.3
Charms         | 3 4 |  4.4

Action                   |  1- 3 |  4- 6 |  7- 9 | 10-12 || total
-------------------------+-------+-------+-------+-------++-------
Melee: Unarmed           |    27 |    23 |   103 |    53 ||   206
       Bite              |     3 |     3 |     8 |     1 ||    15
       Punch             |       |     2 |     4 |       ||     6
       Headbutt          |       |     3 |     2 |       ||     5
 Cast: Beastly Appendage |       |     2 |       |       ||     2
       Blade Hands       |       |       |     5 |       ||     5
       Spider Form       |       |       |     4 |     1 ||     5
       Ice Form          |       |       |     1 |     1 ||     2
Invok: Stomp             |       |       |     4 |     8 ||    12
       Line Pass         |       |       |       |     2 ||     2
  Use: Potion            |     2 |     1 |     5 |     4 ||    12
 Stab: Sleeping          |       |     2 |       |       ||     2
       Invisible         |       |     4 |     3 |       ||     7
       Paralysed         |       |     1 |     5 |     7 ||    13
       Distracted        |       |       |       |     1 ||     1
  Eat: Chunk             |       |       |     3 |       ||     3
Armor: Skin              |       |       |     1 |     4 ||     5
Dodge: Dodged            |    16 |    29 |    82 |    61 ||   188
